 Dungeon Crawl Stone Soup version 0.27-a0-972-gd1521fd518 (webtiles) character file.

Game seed: 8688191950860180931

26 DarkShadow the Shield-Bearer (level 2, -2/27 HPs)
             Began as a Minotaur Fighter on Apr 14, 2021.
             Slain by Crazy Yiuf
             ... wielding a +4 quarterstaff of chaos
              (9 damage)
             ... on level 2 of the Dungeon.
             The game lasted 00:03:52 (1894 turns).

DarkShadow the Shield-Bearer (Minotaur Fighter)     Turns: 1894, Time: 00:03:54

Health: -2/27      AC:  8    Str: 20    XL:     2   Next: 89%
Magic:  1/1        EV:  9    Int:  1    God:
Gold:   36         SH:  0    Dex:  9    Spells: 1/1 levels left

rFire    . . .     SeeInvis .   e - +6 executioner's axe of the Omega Point {vamp, rC+ rN+ Int-4 Stlth+}
rCold    + . .     Faith    .   (shield currently unavailable)
rNeg     + . .     Spirit   .   b - +0 scale mail
rPois    .         Reflect  .   (helmet restricted)
rElec    .         Harm     .   (no cloak)
rCorr    .         Rampage  .   (no gloves)
Will     .....                  k - +0 pair of boots
Stlth    +.........             (no amulet)
HPRegen  0.09/turn              (no ring)
MPRegen  0.07/turn              (no ring)

@: lethally poisoned (-2 -> -6)
A: horns 2, retaliatory headbutt
a: no special abilities


You were on level 2 of the Dungeon.
You visited 1 branch of the dungeon, and saw 2 of its levels.

You collected 36 gold pieces.

Inventory:

Hand Weapons
 a - a +0 war axe
 e - the +6 executioner's axe of the Omega Point (weapon) {vamp, rC+ rN+ Int-4 Stlth+}
   (You acquired it on level 2 of the Dungeon)

   It inflicts no extra harm, but heals its wielder when it wounds a living foe.
   It affects your intelligence (-4).
   It protects you from cold.
   It protects you from negative energy.
   It makes you more stealthy.
Armour
 b - a +0 scale mail (worn)
 c - a +0 kite shield
 k - a +0 pair of boots (worn)
Jewellery
 l - a ring of positive energy
Scrolls
 h - 2 scrolls of enchant weapon {unknown}
 i - a scroll of vulnerability {unknown}
 j - a scroll of teleportation {unknown}
Potions
 d - a potion of might
 f - a potion of lignification {unknown}
 g - 2 potions of ambrosia {unknown}


   Skills:
 + Level 4.0 Fighting
 + Level 2.6 Axes
 + Level 4.1 Armour
 + Level 4.1 Shields


You had one spell level left.
You didn't know any spells.
Your spell library was empty.

Dungeon Overview and Level Annotations

Branches:
Dungeon (2/15)

Altars:

Shops:
D:1 :

Annotations:
D:2 Crazy Yiuf


Innate Abilities, Weirdness & Mutations

You have a pair of horns on your head.
You reflexively headbutt those who attack you in melee.


Message History

A rat is nearby!
You barely miss the rat. Your headbutt misses the rat.
The rat bites you but does no damage. The rat misses you.
You furiously retaliate!
You headbutt the rat, but do no damage. You slash the rat!
You kill the rat!
No target in view!
Crazy Yiuf shouts!
Crazy Yiuf yells, "Prologue mumblescurry sanguine!"
Crazy Yiuf cries, "Two!
Peeping illywillydillykilly arga."
You open the door.
Crazy Yiuf sings, "Trees, trees, trees, circus!"
Crazy Yiuf hits you with a +4 quarterstaff of chaos!
You are poisoned.
There is an open translucent door here.
You closely miss Crazy Yiuf.
You feel very sick. Crazy Yiuf hits you but does no damage.
You resist with some effort.
Crazy Yiuf hits you with a +4 quarterstaff of chaos.
Crazy Yiuf burns you.
You are too injured to fight recklessly!
You are too injured to fight recklessly!
You are too injured to fight recklessly!
You are too injured to fight recklessly!
You are too injured to fight recklessly!
You are too injured to fight recklessly!
You are too injured to fight recklessly!
You are too injured to fight recklessly!
You are too injured to fight recklessly!
You are too injured to fight recklessly!
You are too injured to fight recklessly!
You are too injured to fight recklessly!
You are too injured to fight recklessly!
You completely miss Crazy Yiuf.
* * * LOW HITPOINT WARNING * * *
You feel very sick.
Crazy Yiuf flaps his cloak.
Crazy Yiuf closely misses you.
Crazy Yiuf hits you with a +4 quarterstaff of chaos!
You die...

#.#.##.##.# #.......#.#
#..>......#######
###########.....## ##.......
#.......# ####♣♣ #### ###....>..#
##..+.♣♣ ♣♣#..)# #.........#
#......♣♣♣♣.@g..# ###.#####.#
##.......♣..♣#...# #.#####..
#..#.+..♣.♣♣♣ #### #.[.....#
#.####♣♣♣♣♣ ########### #.#
#.....# #.# ### ###
########.##### ####.###.#####.###
#.....##......
#.##.............####........####
.#.#.###.####.......#.#####..##


You could see Crazy Yiuf.

Vanquished Creatures
  A dart slug (D:2)
  4 ball pythons
  2 endoplasms
  2 hobgoblins
  2 jackals (D:1)
  A kobold (D:2)
  4 bats
  A frilled lizard (D:1)
  2 goblins
  4 rats
23 creatures vanquished.

Vanquished Creatures (others)
  A plant (D:1)
1 creature vanquished.

Grand Total: 24 creatures vanquished

Notes
Turn   | Place    | Note
-------+----------+-------------------------------------------
     0 | D:1      | DarkShadow the Minotaur Fighter began the quest for the
                  | Orb.
     0 | D:1      | Reached XP level 1. HP: 19/19 MP: 0/0
   133 | D:1      | Found Muqa's Book Boutique.
   430 | D:1      | Reached XP level 2. HP: 27/27 MP: 1/1
  1342 | D:2      | Identified a scroll of acquirement
  1342 | D:2      | Acquired the +6 executioner's axe of the Omega Point {vamp,
                  | rC+ rN+ Int-4 Stlth+}
  1746 | D:2      | Found a runed translucent door.
  1747 | D:2      | Noticed Crazy Yiuf
  1894 | D:2      | Slain by Crazy Yiuf

Illustrated notes

Levels and vault maps discovered:
D:1:      lightli_arrival_isolated_outpost, layout_basic, serial_shops, shop,
          serial_bayou_pond_e, hangedman_decor_clover_reticule, nrook_uturn,
          minivault_19, skrybe_limestone_x, st_stairs_5, minmay_misc_feat_chi,
          minmay_small_reverse_x
D:2:      layout_loops_cross, uniq_crazy_yiuf_cottage

Skill      XL: |  1  2 |
---------------+-------+-----
Shields        | 4 |  4.1
Armour         | 4 |  4.1
Fighting       | 4 |  4.0
Axes           | |  2.6

Action                   || total
-------------------------++-------
Melee: War axe           ||    47
       Headbutt          ||     8
       Executioner's axe ||     6
  Use: Scroll            ||     1
Armor: Scale mail        ||    22
Dodge: Dodged            ||    20
Block: Kite shield       ||    29

Table legend: (Time is in decaauts)
 A = Elapsed time spent in this place.
 B = Non-inter-level travel time spent in this place.
 C = Inter-level travel time spent in this place.
 D = Time resting spent in this place.
 E = Time spent auto-exploring this place.
 F = Levels seen in this place.
 G = Mean time per level.
                   A        B        C        D        E       F      G
               +--------+--------+--------+--------+--------+-----+--------+
         Total |   1949 |   1949 |      0 |    110 |   1589 |   2 |  974.5 |
       Dungeon |   1949 |   1949 |      0 |    110 |   1589 |   2 |  974.5 |
               +--------+--------+--------+--------+--------+-----+--------+

Top non-repeatable levels by time:
     D:1: 1115 daAuts
     D:2: 834 daAuts
